 Dungeon Crawl Stone Soup version 0.30-a0-439-g9e77e4d916 (webtiles) character file.

Game seed: 6542707777414252853

66259 Lobster4 the Convoker (level 15, -3/81 HPs)
             Began as a Tengu Summoner on Dec 10, 2022.
             Was a High Priest of Hepliaklqana.
             Slain by a steelbarb worm (22 damage)
             ... on level 3 of the Lair of Beasts on Dec 11, 2022.
             The game lasted 02:11:53 (29030 turns).

Lobster4 the Convoker (Tengu Summoner)             Turns: 29030, Time: 02:11:54

Health: -3/81      AC:  5    Str: 10    XL:     15   Next: 19%
Magic:  25/29      EV: 21    Int: 21    God:    Hepliaklqana [*****.]
Gold:   642        SH: 10    Dex: 18    Spells: 12/32 levels left

rFire   + . .      SeeInvis .    b - +9 sling "Jelecen" {elec, Dex+2}
rCold   + . .      Faith    .    Q - +4 buckler of Plog {rN+ Will+ rCorr Str-3}
rNeg    + . .      Spirit   .    H - +1 robe of Negligence {Will+ Str+4}
rPois   +          Reflect  .    B - +2 hat
rElec   .          Harm     .    L - scarf {rC+ rF+}
rCorr   +          Rampage  .    (no gloves)
Will    +++..                    (boots unavailable)
Stlth   ++........               h - amulet of the acrobat
HPRegen 0.33/turn                K - ring of poison resistance
MPRegen 0.21/turn                T - ring of wizardry

@: spiked, flying quickly and evasively, quick
A: reduced essence, beak, talons 3, nimble flight
a: Renounce Religion, Recall Ancestor, Ancestor Identity, Transference, Idealise


You were on level 3 of the Lair of Beasts.
You worshipped Hepliaklqana.
Hepliaklqana was extremely pleased with you.
You visited 4 branches of the dungeon, and saw 19 of its levels.
You visited 1 bazaar.

You collected 2345 gold pieces.
You spent 1703 gold pieces at shops.

Inventory:

Hand Weapons
 a - the +1 dagger "Tokesea" {holy, rN+}
   (You found it on level 4 of the Dungeon)

   It has been blessed by the Shining One to cause great damage to the undead
   and demons.
   rN:        It protects you from negative energy.
 b - the +9 sling "Jelecen" (weapon) {elec, Dex+2}
   (You bought it in a shop on level 2 of the Orcish Mines)

   Any ammunition fired from it occasionally discharges a powerful burst of
   electricity upon striking a foe.
   Dex:       It affects your dexterity (+2).
 r - a +0 rapier
 y - a +2 dagger of venom
 U - the +4 sling of Valuable Assets {freeze, rCorr SInv}
   (You found it on level 5 of the Lair of Beasts)

   Any ammunition fired from it freezes those it strikes, dealing additional
   cold damage.
   It can also slow down cold-blooded creatures.
   SInv:      It lets you see invisible.
   rCorr:     It protects you from acid and corrosion.
Armour
 w - a +3 leather armour of cold resistance
 B - a +2 hat (worn)
 G - a scarf of repulsion
 H - the +1 robe of Negligence (worn) {Will+ Str+4}
   (You bought it in a shop on level 2 of the Orcish Mines)

   Str:       It affects your strength (+4).
   Will:      It increases your willpower.
 I - +0 steam dragon scales
 L - a scarf of resistance (worn)
 N - the +3 scale mail "Pecoity" {rF++ Will+ Regen+ Dex-2}
   (You bought it in a shop on level 2 of the Orcish Mines)

   Dex:       It affects your dexterity (-2).
   rF:        It greatly protects you from fire.
   Regen:     It increases your rate of health regeneration.
   Will:      It increases your willpower.
 Q - the +4 buckler of Plog (worn) {rN+ Will+ rCorr Str-3}
   (You found it on level 1 of the Lair of Beasts)

   Str:       It affects your strength (-3).
   rN:        It protects you from negative energy.
   rCorr:     It protects you from acid and corrosion.
   Will:      It increases your willpower.
Magical Staves
 J - a staff of cold
Jewellery
 h - an amulet of the acrobat (around neck)
 t - the ring of the Garden {rCorr Str+4}
   (You bought it in a shop on level 2 of the Orcish Mines)

   [ring of resist corrosion]

   Str:       It affects your strength (+4).
   rCorr:     It protects you from acid and corrosion.
 u - a ring of protection from cold
 K - a ring of poison resistance (left hand)
 O - a ring of willpower
 T - a ring of wizardry (right hand)
Wands
 c - a wand of roots (11)
 j - a wand of charming (13)
 v - a wand of flame (61)
 x - a wand of polymorph (6)
 C - a wand of mindburst (30)
Scrolls
 f - a scroll of silence
 g - 11 scrolls of identify
 i - 5 scrolls of enchant weapon
 k - 2 scrolls of fog
 l - 2 scrolls of enchant armour
 n - a scroll of poison
 o - 2 scrolls of immolation
 F - 8 scrolls of teleportation
Potions
 d - 8 potions of curing
 e - 3 potions of resistance
 m - a potion of lignification
 q - 3 potions of berserk rage
 s - 4 potions of brilliance
 z - 3 potions of ambrosia
 A - 2 potions of cancellation
 D - 2 potions of might
 M - 3 potions of magic
 P - 4 potions of haste
Miscellaneous
 R - a lightning rod (4/4)
 S - a phantom mirror


   Skills:
 + Level 9.6 Fighting
 - Level 2.0 Short Blades
 + Level 6.0 Ranged Weapons
 - Level 10.0 Armour
 - Level 10.0 Dodging
 - Level 3.0 Stealth
 - Level 6.0 Shields
 + Level 9.1 Spellcasting
 + Level 5.1 Conjurations
 - Level 3.0 Hexes
 * Level 16.5 Summonings
 + Level 9.9 Air Magic
 - Level 4.0 Invocations
 - Level 3.0 Evocations


You had 12 spell levels left.
You knew the following spells:

 Your Spells              Type           Power      Damage    Failure   Level
a - Summon Small Mammal   Summ           100%       N/A       0%          1
b - Call Imp              Summ           68%        N/A       0%          2
c - Call Canine Familiar  Summ           68%        N/A       1%          3
d - Summon Guardian Gole  Hex/Summ       50%        N/A       1%          3
e - Static Discharge      Conj/Air       82%        2-6/arc   1%          2
j - Arcjolt               Conj/Air       20%        1d30      4%          5
s - Summon Lightning Spi  Summ/Air       60%        N/A       1%          4

Your spell library contained the following spells:

 Spells                   Type           Power      Damage    Failure   Level
 Vhi's Electric Charge    Tloc/Air       60%        N/A       1%          3
 Apportation              Tloc           18%        N/A       3%          1
 Necrotise                Necr           36%        1d5       3%          1
 Lightning Bolt           Conj/Air       20%        1d35      4%          5
 Portal Projectile        Hex/Tloc       30%        N/A       6%          3
 Leda's Liquefaction      Hex/Erth       7%         N/A       19%         4


Dungeon Overview and Level Annotations

Branches:
Dungeon (11/15)            Temple (0/1) D:7            Lair (5/5) D:11
 Shoals (0/4) Lair:2       Spider (1/4) Lair:3        Slime (0/5) Lair:5
    Orc (2/2) D:11            Elf (0/3) Orc:2

Altars:
Dithmenos
Fedhas
Gozag
Hepliaklqana
Nemelex Xobeh
Okawaru
Qazlal
Xom
Yredelemnul
Jiyva

Shops:
D:1 [   D:8 !=   Orc:2 ((=[*


Innate Abilities, Weirdness & Mutations

Your life essence is reduced to manifest your ancestor. (-10% HP)
You have a beak for a mouth.
You have claws for feet.
Your magical nature lets you fly swiftly and evasively.


Message History

As you read the scroll of summoning, it crumbles to dust.
Wisps of shadow whirl around you...
Your warg closely misses the tarantella.
Dusana misses the tarantella.
The steelbarb worm hits you!
Barbed spikes become lodged in your body.
The tarantella touches you!
* * * LOW HITPOINT WARNING * * *
Your crimson imp hits the steelbarb worm but does no damage.
The barbed spikes dig painfully into your body as you move.
* * * LOW HITPOINT WARNING * * *
Your warg bites the tarantella!
The steelbarb worm hits your warg!
Your warg is skewered by barbed spikes.
Your warg closely misses the steelbarb worm.
Your cane toad stings the steelbarb worm but does no damage.
Casting: Call Imp (safe; 0% risk of failure)
Confirm with . or Enter, or press ? or * to list all spells.
Arcjolt might hit your water moccasin (and 3 other bad targets).
Cast it anyway?
Okay, then.
Unknown command.
You shoot a sling bullet.
The sling bullet closely misses the tarantella.
The tarantella touches you.
* * * LOW HITPOINT WARNING * * *
Your crimson imp hits the steelbarb worm.
The steelbarb worm hits your warg!!
Your warg dies!
Your warg's corpse disappears in a puff of smoke!
Your water moccasin bites the steelbarb worm but does no damage.
Dusana hits the tarantella with a +0 broad axe of flaming!!
Dusana burns the tarantella.
The tarantella dies!
Dusana barely misses the steelbarb worm.
Your cane toad stings the steelbarb worm!
Your crimson imp closely misses the steelbarb worm.
You feel better.
Dusana hits the steelbarb worm with a +0 broad axe of flaming.
Dusana burns the steelbarb worm.
Your water moccasin bites the steelbarb worm but does no damage.
The steelbarb worm hits you!!
You die...

...# #..###..........5R#.### ...#
#..###..P####+..#.### ####
##..#.....####....##
##...........###....## ###
#...#...........##...## #P#
#P..###.###....#.#...P#
..#######...#.ยง.#.##.P.......####
P.P#.#......#.R...............#.#
..##.R.#.....FSw@........>.......
..'....##.....5................##
..###.###..##.#...##.#.......P.##
### ### #P.#..#.####..#.##P#####
.# ##...#...##...##.### ##
#....(.......##### .#
##...######.## .## ###.+#.###...#
..# ##............# #


You could see the friendly Dusana the knight, a steelbarb worm (ally target), a
friendly cane toad (summoned), a friendly water moccasin (summoned) and a
friendly crimson imp (summoned).

Vanquished Creatures
  A death yak (Lair:4)
  An orc knight (Orc:2)
  2 elephants
  A black mamba (Lair:3)
  A komodo dragon (Lair:5)
  A blink frog (Lair:2)
  A wyvern (D:10)
  Eustachio (D:5)
  4 yaks
  A water moccasin (Lair:3)
  Duvessa (D:5)
  2 orc warriors
  A wolf (Lair:2)
  2 centaurs (D:11)
  2 phantoms (D:5)
  A lemure (D:5)
  Blork the orc (D:5)
  2 bullfrogs
  Dowan (D:5)
  2 electric eels (D:6)
  2 hounds (D:6)
  4 orc priests
  A gnoll bouda (D:5)
  Ijyb (D:3)
  2 iguanas (D:5)
  6 orc wizards
  A gnoll (D:5)
  2 adders
  13 orcs
  4 ball pythons
  A bat (D:1)
  2 endoplasms
  A giant cockroach (D:3)
  6 goblins
  4 hobgoblins
  3 quokkas
  2 frilled lizards (D:3)
  A kobold (D:4)
  2 rats
87 creatures vanquished.

Vanquished Creatures (collateral kills)
  2 orc warlords
  The ghost of Darkkill the Fighter, a journeyman MiHu of Gozag (Lair:3)
  4 hydras
  A catoblepas (Lair:5)
  2 boulder beetles
  5 death yaks
  3 two-headed ogres
  2 orc high priests
  Nergalle (Lair:1)
  Pikel (D:5)
  A lindwurm (Lair:5)
  2 orc knights (Orc:2)
  5 orc sorcerers
  A wolf spider (Lair:3)
  3 oklob plants
  13 elephants
  2 black mambas (Lair:5)
  A merfolk siren (Lair:2)
  6 cane toads
  3 komodo dragons
  3 kobold demonologists
  5 trolls
  2 polar bears
  Prince Ribbit (D:5)
  4 tarantellas (Lair:3)
  10 dream sheep
  22 blink frogs
  Sigmund (D:3)
  2 vampires
  36 yaks
  A wyvern (D:8)
  3 basilisks
  2 steam dragons
  A vampire mosquito (D:6)
  3 acid dragons
  3 wargs
  14 water moccasins
  39 orc warriors
  2 ice beasts
  5 black bears
  18 wolves
  4 ogres
  3 centaurs
  A lemure (D:5)
  9 bullfrogs
  A necrophage (D:5)
  2 kobold brigands
  3 gnoll sergeants
  5 scorpions
  5 wights
  A killer bee (D:10)
  4 howler monkeys
  3 hounds
  Crazy Yiuf (D:3)
  28 orc priests
  A jelly (D:6)
  A gnoll bouda (D:8)
  Terence (D:2)
  3 iguanas
  24 orc wizards
  Robin (D:2)
  16 gnolls
  5 adders
  3 white imps
  An ufetubus (D:6)
  2 worms
  A dart slug (D:1)
  66 orcs
  7 endoplasms
  3 giant cockroaches
  9 goblins
  5 hobgoblins
  A quokka (D:5)
  4 ball pythons
  3 bats
  4 frilled lizards
  16 kobolds
  5 rats
  A bush (Lair:5)
  2 butterflies
491 creatures vanquished.

Vanquished Creatures (others)
  Harold (D:9)
  2 death yaks
  A two-headed ogre (D:11)
  A deep troll shaman (Lair:5)
  2 orc high priests (Orc:2)
  2 orc knights (Orc:1)
  2 oklob plants
  An elephant (Lair:4)
  A blink frog (Lair:5)
  8 yaks
  A water moccasin (Lair:5)
  4 orc warriors
  A wolf (Lair:3)
  A kobold brigand (D:7)
  A wight (D:9)
  4 knights
  2 killer bees (D:10)
  An orc wizard (Orc:2)
  4 ancestors
  An orc (D:3)
  A kobold (D:7)
  29 fungi
  39 plants
110 creatures vanquished.

Grand Total: 688 creatures vanquished

Notes
Turn   | Place    | Note
-------+----------+-------------------------------------------
     0 | D:1      | Lobster4 the Tengu Summoner began the quest for the Orb.
     0 | D:1      | Reached XP level 1. HP: 10/10 MP: 4/4
   167 | D:1      | Reached skill level 5 in Summonings
   167 | D:1      | Reached XP level 2. HP: 15/15 MP: 3/6
   174 | D:1      | Learned a level 2 spell: Call Imp
   252 | D:1      | Found Rifrurucs's Antique Armour Emporium.
  1126 | D:1      | Reached XP level 3. HP: 19/20 MP: 2/7
  1445 | D:2      | Reached skill level 1 in Fighting
  1499 | D:2      | Reached skill level 1 in Armour
  1858 | D:2      | Noticed Terence
  1892 | D:2      | Reached XP level 4. HP: 25/25 MP: 3/8
  2046 | D:2      | Noticed Robin
  2468 | D:2      | Killed Robin
  2543 | D:2      | Killed Terence
  2720 | D:3      | Gained mutation: Your magical nature lets you fly swiftly
                  | and evasively. [Tengu growth]
  2720 | D:3      | Reached XP level 5. HP: 24/29 MP: 4/9
  2763 | D:3      | Noticed an ogre
  2781 | D:3      | Killed an ogre
  2782 | D:3      | Reached skill level 6 in Summonings
  2896 | D:3      | Reached XP level 6. HP: 35/35 MP: 3/11
  3322 | D:3      | Learned a level 3 spell: Call Canine Familiar
  3410 | D:3      | Noticed Ijyb
  3503 | D:3      | Found an opulent altar of Gozag.
  3504 | D:3      | Found a sparkling altar of Nemelex Xobeh.
  3876 | D:3      | Found an iron altar of Okawaru.
  3888 | D:3      | Noticed Sigmund
  4012 | D:3      | Killed Sigmund
  4013 | D:3      | Reached skill level 1 in Short Blades
  4013 | D:3      | Reached skill level 7 in Summonings
  4013 | D:3      | Reached XP level 7. HP: 24/40 MP: 1/12
  4145 | D:3      | Found a runed translucent door.
  4146 | D:3      | Noticed Crazy Yiuf
  4320 | D:4      | You are sucked into a shaft and drop 2 floors!
  4467 | D:5      | Entered Level 5 of the Dungeon
  4569 | D:3      | Killed Ijyb
  4740 | D:4      | Found a hazy altar of Hepliaklqana.
  4845 | D:4      | Learned a level 4 spell: Summon Lightning Spire
  4862 | D:4      | Identified the +1 dagger "Tokesea" {holy, rN+}
  4901 | D:4      | Found a shimmering altar of Xom.
  4904 | D:4      | Found a shimmering altar of Xom.
  4905 | D:4      | Found a shimmering altar of Xom.
  4905 | D:4      | Found a shimmering altar of Xom.
  5372 | D:4      | Became a worshipper of Hepliaklqana the Forgotten
  5537 | D:5      | Noticed Duvessa
  5553 | D:5      | Noticed Dowan
  5559 | D:5      | Killed Duvessa
  5560 | D:5      | Reached skill level 1 in Air Magic
  5560 | D:5      | Reached XP level 8. HP: 41/46 MP: 3/14
  5567 | D:5      | Killed Dowan
  5568 | D:5      | Reached skill level 1 in Evocations
  5663 | D:5      | Reached skill level 8 in Summonings
  5707 | D:5      | Noticed Blork the orc
  5725 | D:5      | Killed Blork the orc
  5777 | D:5      | Noticed Eustachio
  5810 | D:5      | Killed Eustachio
  6001 | D:5      | Noticed a yak
  6045 | D:5      | Noticed a yak
  6368 | D:5      | Reached XP level 9. HP: 44/52 MP: 12/16
  6445 | D:5      | Noticed Prince Ribbit
  6453 | D:5      | Killed Prince Ribbit
  6454 | D:5      | Reached skill level 9 in Summonings
  6506 | D:5      | Reached * piety under Hepliaklqana
  6541 | D:5      | Noticed Pikel
  6563 | D:5      | Killed Pikel
  6564 | D:5      | Reached skill level 5 in Armour
  7100 | D:6      | Reached skill level 5 in Spellcasting
  7100 | D:6      | Reached skill level 10 in Summonings
  7100 | D:6      | Reached skill level 5 in Air Magic
  7107 | D:6      | Reached skill level 5 in Fighting
  7391 | D:6      | Reached XP level 10. HP: 53/53 MP: 10/18
  8400 | D:6      | Learned a level 3 spell: Summon Guardian Golem
  8677 | D:7      | Found a stormy altar of Qazlal.
  9241 | D:7      | Reached ** piety under Hepliaklqana
  9503 | D:7      | Reached skill level 11 in Summonings
  9587 | D:7      | Found a staircase to the Ecumenical Temple.
  9776 | D:7      | Remembered your ancestor Dusana as a knight
  9788 | D:7      | Reached skill level 1 in Ranged Weapons
  9972 | D:8      | Reached skill level 1 in Shields
 10111 | D:8      | Found Cifuluk's Jewellery Emporium.
 10242 | D:8      | Reached skill level 1 in Hexes
 10677 | D:8      | Found Juckuefe's Distillery.
 10680 | D:8      | Bought a potion of degeneration for 11 gold pieces
 10685 | D:8      | Bought a potion of attraction for 33 gold pieces
 10842 | D:9      | Reached *** piety under Hepliaklqana
 10997 | D:9      | Noticed a kobold demonologist
 11018 | D:9      | Killed a kobold demonologist
 11213 | D:9      | Noticed Harold
 11228 | D:9      | Killed Harold
 11229 | D:9      | Reached XP level 11. HP: 43/57 MP: 6/20
 11476 | D:9      | Noticed a two-headed ogre
 11652 | D:9      | Found a basalt altar of Yredelemnul.
 11747 | D:9      | Found a shadowy altar of Dithmenos.
 11778 | D:9      | Killed a two-headed ogre
 12222 | D:10     | Entered Level 10 of the Dungeon
 12242 | D:10     | Reached skill level 12 in Summonings
 12530 | D:10     | Reached **** piety under Hepliaklqana
 13496 | D:11     | Identified the +0 helmet of Miracles {rC+ Regen+}
 13531 | D:11     | Found a staircase to the Orcish Mines.
 13531 | D:11     | Noticed a two-headed ogre
 13538 | D:11     | Killed a two-headed ogre
 13660 | D:11     | Found a staircase to the Lair.
 13667 | D:11     | Found a gateway to a bazaar.
 13675 | Bazaar   | Entered a bazaar
 13679 | Bazaar   | Found Tevizajitz's Jewellery Boutique.
 13701 | Bazaar   | Found Xillagygid's Antique Weapon Emporium.
 13722 | Bazaar   | Found Hiokluad's Assorted Antiques.
 13742 | Bazaar   | Found Fihuz's Distillery.
 13784 | Bazaar   | Bought a scroll labelled SOXERCH FACK for 24 gold pieces
 13784 | Bazaar   | Bought a scroll labelled QAJA ACISOET for 24 gold pieces
 13784 | Bazaar   | Bought a scroll labelled QAJA ACISOET for 24 gold pieces
 13784 | Bazaar   | Bought 3 scrolls of identify for 144 gold pieces
 13787 | Bazaar   | Bought a scroll of identify for 48 gold pieces
 13803 | Bazaar   | Bought a runed sling for 126 gold pieces
 13833 | Bazaar   | Bought a potion of might for 40 gold pieces
 13833 | Bazaar   | Bought a potion of heal wounds for 50 gold pieces
 13848 | Bazaar   | Bought a potion of haste for 240 gold pieces
 14063 | D:11     | Found an opulent altar of Gozag.
 14154 | D:11     | Noticed a two-headed ogre
 14166 | D:11     | Killed a two-headed ogre
 14167 | D:11     | Reached skill level 5 in Shields
 14448 | D:11     | Reached skill level 5 in Dodging
 14570 | D:11     | Noticed a two-headed ogre
 14584 | D:11     | Killed a two-headed ogre
 14973 | D:3      | Killed Crazy Yiuf
 15107 | D:5      | Reached XP level 12. HP: 47/63 MP: 17/22
 15327 | Orc:1    | Entered Level 1 of the Orcish Mines
 15482 | Orc:1    | Noticed an orc warlord
 15505 | Orc:1    | Killed an orc warlord
 15679 | Orc:1    | Reached skill level 13 in Summonings
 16037 | Orc:1    | Noticed an orc high priest
 16050 | Orc:1    | Killed an orc high priest
 16583 | Orc:2    | Entered Level 2 of the Orcish Mines
 16877 | Orc:2    | Found Hemaum's Weapon Emporium.
 17125 | Orc:2    | Found a staircase to the Elven Halls.
 17875 | Orc:1    | Reached ***** piety under Hepliaklqana
 18036 | Orc:2    | Noticed a sun demon
 18286 | Orc:2    | Reached skill level 1 in Invocations
 18335 | Orc:2    | Noticed an orc warlord
 18351 | Orc:2    | Killed an orc warlord
 18352 | Orc:2    | Reached skill level 14 in Summonings
 18469 | Orc:2    | Noticed an orc high priest
 18480 | Orc:2    | Killed an orc high priest
 18755 | Orc:2    | Reached XP level 13. HP: 70/70 MP: 25/25
 19497 | Orc:2    | Found Afuwn's Antique Armour Emporium.
 19498 | Orc:2    | Found Nacobyfe's Antique Weapon Shoppe.
 19500 | Orc:2    | Found Pameox's General Store.
 19500 | Orc:2    | Found Atal's Jewellery Emporium.
 19582 | Orc:2    | Bought the ring of the Garden {rCorr Str+4} for 389 gold
                  | pieces
 19611 | Orc:2    | Bought a dull robe for 102 gold pieces
 19611 | Orc:2    | Identified the +1 robe of Negligence {Will+ Str+4} (You
                  | bought it in a shop on level 2 of the Orcish Mines)
 19632 | Orc:2    | Bought a hat for 72 gold pieces
 19640 | Orc:2    | Bought a crystal sling for 214 gold pieces
 19640 | Orc:2    | Identified the +9 sling "Jelecen" {elec, Dex+2} (You bought
                  | it in a shop on level 2 of the Orcish Mines)
 19649 | Orc:2    | Bought a scorched scale mail for 162 gold pieces
 19649 | Orc:2    | Identified the +3 scale mail "Pecoity" {rF++ Will+ Regen+
                  | Dex-2} (You bought it in a shop on level 2 of the Orcish
                  | Mines)
 19799 | Lair:1   | Entered Level 1 of the Lair of Beasts
 19799 | Lair:1   | Noticed Nergalle
 20278 | Lair:1   | Killed Nergalle
 20510 | Lair:1   | Identified the +4 buckler of Plog {rN+ Will+ rCorr Str-3}
 20730 | Lair:1   | Learned a level 2 spell: Static Discharge
 21475 | Lair:2   | Reached skill level 1 in Conjurations
 21735 | Lair:2   | Reached skill level 15 in Summonings
 22094 | Lair:2   | You are sucked into a shaft and drop 2 floors!
 23117 | Lair:2   | Found a staircase to the Shoals.
 23406 | Lair:3   | Found a hole to the Spider Nest.
 23459 | Lair:3   | Found a runed translucent door.
 23551 | Lair:3   | Reached XP level 14. HP: 44/75 MP: 18/27
 24384 | Lair:3   | Noticed Darkkill's ghost (journeyman MiHu)
 24524 | Lair:3   | Killed Darkkill's ghost
 25216 | Lair:4   | Found a blossoming altar of Fedhas.
 25576 | Lair:4   | Reached skill level 5 in Ranged Weapons
 26380 | Lair:5   | Entered Level 5 of the Lair of Beasts
 26566 | Lair:5   | Reached skill level 16 in Summonings
 26791 | Lair:5   | Found a staircase to the Slime Pits.
 26791 | Lair:5   | Found a viscous altar of Jiyva.
 27929 | Lair:5   | Reached skill level 5 in Conjurations
 28154 | Lair:5   | Reached XP level 15. HP: 78/81 MP: 6/28
 28369 | Lair:5   | Reached skill level 10 in Dodging
 28465 | Lair:5   | Identified the +4 sling of Valuable Assets {freeze, rCorr
                  | SInv}
 28660 | Lair:5   | Learned a level 5 spell: Arcjolt
 28707 | Spider:1 | Entered Level 1 of the Spider Nest
 28716 | Lair:3   | Reached skill level 10 in Armour
 29030 | Lair:3   | Slain by a steelbarb worm

Illustrated notes

Levels and vault maps discovered:
D:1:      giann_wishing_wells, layout_loops_corners, serial_shops,
          nicolae_shop_window_shopping
D:2:      layout_rooms, uniq_robin, uniq_terence
D:3:      wander_river, layout_basic, grunt_temple_overflow_opulence,
          mainiacjoe_overflow_surrounded_room, uniq_ijyb,
          uniq_crazy_yiuf_cottage, uniq_sigmund
D:4:      layout_loops_ring, xom_redecorated, nicolae_hepliaklqana_hazy_memory,
          hangedman_decor_clover_reticule
D:5:      layout_basic, nicolae_eternal_life, uniq_prince_ribbit1,
          uniq_blork_the_orc, uniq_pikel, uniq_duvessa, uniq_eustachio
D:6:      wad_guarded_room, layout_cave_pools, dk_noncrumbling_3,
          serial_bayou_lake_a
D:7:      layout_cave_pods, nicolae_qazlal_general_emergency, temple_green
D:8:      layout_basic, serial_shops, kennysheep_mini_moat, shop
D:9:      layout_rooms, amcnicky_altar_gilded, mainiacjoe_overflow_alcove_1,
          uniq_harold
D:10:     layout_stronghold, minmay_quadrilaterals
D:11:     layout_stronghold, lair_entry_dummy, orc_0_dummy, serial_shops,
          bzr_entry_water, grunt_gozag_statues
Lair:1:   layout_hall_layers, lemuel_fruit_fields, uniq_nergalle
Lair:2:   layout_cave_pods, minmay_shoals_entry_lonely_mermaid,
          grunt_megastairs_1, lemuel_fruit_fields
Lair:3:   layout_roguey, nicolae_spider_entry_non_spiders,
          ebering_ghost_reflecting_pool, beast_lair_carwin_11
Lair:4:   layout_hall_layers, hangedman_tree_tricks, grunt_megastairs_5
Lair:5:   grunt_lair_end_beastmaster, layout_gridlike,
          minmay_slime_entry_oklob_open, infiniplex_staircase_pool_2
Spider:1: cheibrodos_forgotten_conduit, guppyfry_hornet_nest
Orc:1:    orc_temple, layout_caves, serial_shops
Orc:2:    st_orc_congregation, layout_caves, basic_altar, serial_shops,
          nicolae_shop_stone

Skill      XL: |  1  2  3  4  5  6  7  8  9 10 11 12 13 14 15 |
---------------+----------------------------------------------+-----
Summonings     | 5 6 7 8 10 11 12 14 15 16 | 16.5
Fighting       | 1 2 3 4 5 6 8 9 |  9.6
Armour         | 1 2 3 4 5 6 8 9 10 | 10.0
Dodging        | 3 5 6 8 9 10 | 10.0
Stealth        | 3 |  3.0
Short Blades   | 1 2 |  2.0
Spellcasting   | 3 4 5 6 7 8 9 |  9.1
Air Magic      | 1 3 5 6 7 8 9 |  9.9
Evocations     | 2 3 |  3.0
Ranged Weapons | 2 3 4 5 6 |  6.0
Shields        | 3 5 6 |  6.0
Hexes          | 1 2 3 |  3.0
Invocations    | 1 3 4 |  4.0
Conjurations   | 2 5 |  5.1

Action                   |  1- 3 |  4- 6 |  7- 9 | 10-12 | 13-15 || total
-------------------------+-------+-------+-------+-------+-------++-------
Melee: Unarmed           |     4 |       |       |       |       ||     4
       Club              |     8 |       |       |       |       ||     8
       Kick              |     6 |    16 |    43 |    29 |    28 ||   122
       Peck              |     3 |     4 |    34 |    23 |    15 ||    79
       Hand axe          |    13 |    39 |       |       |       ||    52
       Dagger            |       |    25 |   144 |    84 |    71 ||   324
       Punch             |       |       |     1 |       |       ||     1
 Fire: Sling             |       |       |       |     4 |    51 ||    55
 Cast: Summon Small Mamm |    49 |    65 |    58 |   139 |   184 ||   495
       Call Imp          |    16 |    27 |    23 |    71 |    71 ||   208
       Call Canine Famil |       |     2 |    27 |    69 |    75 ||   173
       Summon Guardian G |       |       |       |    38 |    39 ||    77
       Summon Lightning  |       |       |       |    28 |    39 ||    67
       Static Discharge  |       |       |       |       |     1 ||     1
Invok: Recall Ancestor   |       |       |       |    12 |    18 ||    30
       Ancestor Life: Kn |       |       |       |     1 |       ||     1
Evoke: Wand              |       |       |     1 |     7 |     3 ||    11
  Use: Scroll            |     1 |     3 |     1 |    16 |    10 ||    31
       Potion            |       |     3 |       |     1 |     4 ||     8
 Stab: Sleeping          |     1 |     2 |     1 |     1 |       ||     5
       Distracted        |       |     1 |       |     1 |     1 ||     3
Armor: Robe              |     6 |    14 |    21 |     6 |    16 ||    63
       Leather armour    |       |       |       |     4 |       ||     4
       Acid dragon scale |       |       |       |     9 |     3 ||    12
Dodge: Dodged            |    25 |    56 |   102 |    83 |   149 ||   415
Block: Buckler           |       |       |       |    23 |    93 ||   116

Table legend: (Time is in decaauts)
 A = Elapsed time spent in this place.
 B = Non-inter-level travel time spent in this place.
 C = Inter-level travel time spent in this place.
 D = Time resting spent in this place.
 E = Time spent auto-exploring this place.
 F = Levels seen in this place.
 G = Mean time per level.
                   A        B        C        D        E       F      G
               +--------+--------+--------+--------+--------+-----+--------+
         Total |  27702 |  25943 |   1759 |   5794 |  13570 |  20 | 1385.1 |
       Dungeon |  14921 |  13718 |   1203 |   2886 |   7502 |  11 | 1356.5 |
          Lair |   8340 |   8020 |    320 |   1996 |   4127 |   5 | 1668.0 |
   Spider Nest |      9 |      9 |      0 |      0 |      0 |   1 |    9.0 |
  Orcish Mines |   4238 |   4004 |    234 |    912 |   1864 |   2 | 2119.0 |
        Bazaar |    192 |    192 |      0 |      0 |     76 |   1 |  192.0 |
               +--------+--------+--------+--------+--------+-----+--------+

Top non-repeatable levels by time:
   Orc:2: 2650 daAuts
  Lair:5: 2204 daAuts
  Lair:4: 1845 daAuts
     D:6: 1804 daAuts
  Lair:3: 1700 daAuts
  Lair:2: 1684 daAuts
    D:11: 1647 daAuts
   Orc:1: 1587 daAuts
     D:3: 1582 daAuts
     D:5: 1562 daAuts
     D:2: 1507 daAuts
     D:1: 1504 daAuts
     D:9: 1360 daAuts
    D:10: 1107 daAuts
     D:7: 1087 daAuts
